 Dungeon Crawl Stone Soup version 0.20.1-1-g8b1a95d (console) character file.

5173 norke the Protected (level 10, -3/81 HPs)
             Began as a Hill Orc Air Elementalist on Sept 3, 2017.
             Was an Initiate of Okawaru.
             Shot with an arrow by a centaur (9 damage)
             ... on level 8 of the Dungeon.
             The game lasted 00:28:21 (6019 turns).

norke the Protected (Hill Orc Air Elementalist)     Turns: 6019, Time: 00:28:22

Health: -3/81      AC:  8    Str: 12    XL:     10   Next: 59%
Magic:  15/15      EV: 16    Int: 18    God:    Okawaru [......]
Gold:   547        SH:  0    Dex: 11    Spells: 12/15 levels left

rFire    . . .     SeeInvis .   v - -2 mace (curse)
rCold    . . .     Gourm    .   (no shield)
rNeg     . . .     Faith    .   h - +0 robe
rPois    .         Spirit   .   p - +2 helmet
rElec    .         Reflect  .   (no cloak)
rCorr    .         Harm     .   (no gloves)
MR       .....     Clarity  +   (no boots)
Stlth    ++........             (no amulet)
Regen    0.0/turn               (no ring)
MPRegen  0.2/turn               (no ring)

@: no status effects
A: molten scales 1, clarity, inhibited regeneration
a: Renounce Religion


You were on level 8 of the Dungeon.
You worshipped Okawaru.
Okawaru was noncommittal.
You were not hungry.

You visited 2 branches of the dungeon, and saw 10 of its levels.

You collected 547 gold pieces.

Inventory:

Hand Weapons
 a - a +0 short sword of electrocution
 b - a +3 quarterstaff of chaos
 v - a cursed -2 mace (weapon)
 w - a cursed -3 mace
 x - a +0 mace of crushing
 z - a +2 dagger of venom
 K - a +0 short sword of venom
 S - the +6 war axe of the Lonely Seas {chop, +Fly MR+ Str+4, unknown}
   (You found it on level 9 of the Dungeon)

   It inflicts extra damage upon your enemies.
   It affects your strength (+4).
   It affects your resistance to hostile enchantments.
   It lets you fly.
 T - a +4 quarterstaff
Missiles
 d - 54 sling bullets
 i - 18 poisoned needles
 s - 3 throwing nets (quivered)
 C - 8 curare-tipped needles
 J - 4 javelins
 M - 3 tomahawks
Armour
 h - a +0 robe (worn)
 p - a +2 helmet (worn)
 u - a +0 cloak
 E - a scarf of spirit shield
 L - a +1 pair of gloves
 O - a +0 ring mail of positive energy
Jewellery
 q - an uncursed ring of fire
 F - an uncursed ring of resist corrosion
 P - a +1 ring of protection {unknown}
Wands
 B - a wand of confusion (17/48)
 I - a wand of iceblast (5/15)
 N - a wand of flame (21/48)
 Q - a wand of scattershot (3/9)
Scrolls
 f - 2 scrolls of enchant weapon
 j - 3 scrolls of recharging
 n - 3 scrolls of identify
 t - 2 scrolls of amnesia
 y - a scroll of blinking
 D - a scroll of enchant armour
 G - a scroll of magic mapping
Potions
 e - a potion of curing
 l - a potion of agility
 A - a potion of heal wounds
Books
 r - a book of Air

   Spells                             Type                      Level
   a - Shock                          Conjuration/Air              1
   b - Swiftness                      Charms/Air                   2
   c - Static Discharge               Conjuration/Air              3
   d - Airstrike                      Air                          4
   e - Lightning Bolt                 Conjuration/Air              5
Comestibles
 c - 11 bread rations
 g - 6 meat rations
 m - 3 royal jellies
 H - 5 fruits


   Skills:
 + Level 5.0 Fighting
 + Level 10.1 Armour
 + Level 7.9 Dodging
 + Level 4.0 Stealth
 + Level 3.4 Spellcasting
 + Level 6.4 Conjurations
 - Level 5.0 Air Magic


You had 12 spell levels left.
You knew the following spells:

 Your Spells              Type           Power        Failure   Level  Hunger
a - Shock                 Conj/Air       ###.         1%          1    None
z - Swiftness             Chrm/Air       ##......     9%          2    ##.....


Dungeon Overview and Level Annotations

Branches:
Dungeon (9/15)             Temple (1/1) D:6
   Lair: D:8-11         Orc: D:9-12

Altars:
Ashenzari
Cheibriados
Dithmenos
Elyvilon
Fedhas
Gozag
Hepliaklqana
Kikubaaqudgha
Makhleb
Nemelex Xobeh
Okawaru
Qazlal
Ru
Sif Muna
Trog
Uskayaw
Vehumet
Xom
Yredelemnul
Zin
The Shining One

Annotations:
D:8 Swomperka's ghost, novice OpFi


Innate Abilities, Weirdness & Mutations

You are partially covered in molten scales. (AC +2)
You possess an exceptional clarity of mind.
You do not regenerate when monsters are visible.


Message History

Okay, then.
Unknown command.
The centaur shoots an arrow.
The arrow hits you!
* * * LOW HITPOINT WARNING * * *
You see here an arrow.
The centaur shoots an arrow.
The arrow barely misses you.
There is a glowing silver altar of Zin here.
Okay, then.
Unknown command.
The worker ant bites you but does no damage.
Okay, then.
The worker ant barely misses you.
There is an open door here.
The centaur unwields an uncursed shortbow.
The centaur barely misses you.
Okay, then.
Unknown command.
The centaur wields an uncursed shortbow.
The centaur shoots an arrow.
The arrow hits you!
You die...

...................#
.........(..##..(#.#
.........###_._P_###
........##(.(...(#
.......a.#..(W.PP#
.........##..aO.#.#
..........###c#####
..................#
........##.....@.##
........########..#
####............(.######
##.........(...##....##
#..............'......#
.#.....##.<.....##.....#
.'.....##.......##.....#
#.....>...............#
##....................#


You could see a centaur and a worker ant.

Vanquished Creatures
  Sigmund (D:3)
  A wyvern (D:9)
  A hungry ghost (D:6)
  Menkaure (D:7)
  A water moccasin (D:6)
  Duvessa (D:6)
  4 ice beasts
  A sky beast (D:8)
  4 ogres
  5 bullfrogs
  Dowan (D:6)
  A scorpion (D:7)
  9 killer bees
  A howler monkey (D:7)
  2 crimson imps (D:7)
  A centaur zombie (D:6)
  A bullfrog zombie (D:6)
  2 orc priests
  Crazy Yiuf (D:2)
  7 orc wizards
  A bullfrog skeleton (D:6)
  3 iguanas
  Ijyb (D:3)
  6 worker ants
  Terence (D:2)
  A hound skeleton (D:3)
  6 adders
  8 gnolls
  A shadow imp (D:9)
  2 oozes
  3 worms
  4 leopard geckos
  19 orcs
  A ball python (D:3)
  8 giant cockroaches
  5 goblins
  7 hobgoblins
  7 jackals
  6 kobolds
  8 quokkas
  9 bats
  6 frilled lizards
  A jackal skeleton (D:4)
  28 rats
  2 fungi
190 creatures vanquished.

Notes
Turn   | Place    | Note
-------+----------+-------------------------------------------
     0 | D:1      | norke the Hill Orc Air Elementalist began the quest for the Orb.
     0 | D:1      | Reached XP level 1. HP: 14/14 MP: 3/3
   139 | D:1      | Reached XP level 2. HP: 18/20 MP: 0/4
   624 | D:2      | Noticed Terence
   655 | D:2      | Reached XP level 3. HP: 23/26 MP: 2/5
  1087 | D:2      | Killed Terence
  1087 | D:2      | Reached XP level 4. HP: 23/33 MP: 0/6
  1187 | D:2      | Found a runed door.
  1191 | D:2      | Noticed Crazy Yiuf
  1238 | D:2      | Killed Crazy Yiuf
  1333 | D:3      | Reached XP level 5. HP: 22/38 MP: 3/7
  1694 | D:3      | Noticed Sigmund
  1702 | D:3      | Gained mutation: Your body sometimes deteriorates upon taking damage. [potion of mutation]
  1702 | D:3      | Gained mutation: You do not regenerate when monsters are visible. [potion of mutation]
  1702 | D:3      | Gained mutation: You have sharp fingernails. [potion of mutation]
  1709 | D:3      | Killed Sigmund
  1709 | D:3      | Reached XP level 6. HP: 34/45 MP: 2/8
  1832 | D:3      | Noticed Ijyb
  1853 | D:3      | Killed Ijyb
  2127 | D:4      | Reached XP level 7. HP: 26/50 MP: 7/9
  2307 | D:4      | You fall through a shaft!
  2307 | D:5      | Entered Level 5 of the Dungeon
  2430 | D:5      | Reached skill level 1 in Armour
  2629 | D:5      | Reached skill level 1 in Fighting
  2681 | D:5      | Learned a level 2 spell: Swiftness
  2692 | D:5      | Reached skill level 5 in Conjurations
  2775 | D:5      | Lost mutation: Your body sometimes deteriorates upon taking damage. [potion of mutation]
  2775 | D:5      | Lost mutation: You have sharp fingernails. [potion of mutation]
  2775 | D:5      | Gained mutation: You possess an exceptional clarity of mind. [potion of mutation]
  2775 | D:5      | Gained mutation: You are partially covered in molten scales. (AC +2) [potion of mutation]
  2988 | D:4      | Found a burning altar of Makhleb.
  3093 | D:4      | Found a deep blue altar of Sif Muna.
  3257 | D:6      | Reached skill level 5 in Air Magic
  3257 | D:6      | Reached XP level 8. HP: 15/61 MP: 8/11
  3270 | D:6      | Found a hide-covered altar of Uskayaw.
  3339 | D:6      | Found a staircase to the Ecumenical Temple.
  3344 | Temple   | Entered the Ecumenical Temple
  3433 | D:6      | Reached skill level 2 in Armour
  3997 | D:6      | Noticed Dowan
  3998 | D:6      | Noticed Duvessa
  4035 | D:6      | Killed Duvessa
  4059 | D:6      | Killed Dowan
  4215 | D:7      | Found a sparkling altar of Nemelex Xobeh.
  4289 | D:7      | Reached skill level 3 in Armour
  4365 | D:7      | Reached XP level 9. HP: 17/71 MP: 3/13
  4448 | D:7      | Noticed Menkaure
  4521 | D:8      | Noticed Swomperka's ghost (novice OpFi)
  4625 | D:9      | Got a polished war axe
  4802 | D:9      | Found a blossoming altar of Fedhas.
  4831 | D:9      | Found a shadowy altar of Dithmenos.
  4844 | D:9      | Reached skill level 9 in Armour
  4844 | D:9      | Reached XP level 10. HP: 38/80 MP: 11/14
  5012 | D:9      | Found a snail-covered altar of Cheibriados.
  5310 | D:7      | Reached skill level 10 in Armour
  5431 | D:7      | Killed Menkaure
  5631 | D:7      | Found a radiant altar of Vehumet.
  5957 | D:8      | Reached skill level 5 in Fighting
  5991 | D:8      | Found an iron altar of Okawaru.
  5993 | D:8      | Found a stormy altar of Qazlal.
  5994 | D:8      | Found a glowing silver altar of Zin.
  6000 | D:8      | Became a worshipper of Warmaster Okawaru
  6000 | D:8      | HP: 4/81 [centaur/arrow (7)]
  6019 | D:8      | Shot with an arrow by a centaur

Skill      XL: |  1  2  3  4  5  6  7  8  9 10 |
---------------+-------------------------------+-----
Conjurations   | 2 3 4 5 6 |  6.4
Air Magic      | 3 4 5 |  5.0
Armour         | 1 3 9 10 | 10.1
Fighting       | 2 4 5 |  5.0
Stealth        | 2 3 4 |  4.0
Dodging        | 2 3 7 |  7.9
Spellcasting   | 2 3 |  3.4

Action                   |  1- 3 |  4- 6 |  7- 9 | 10-12 || total
-------------------------+-------+-------+-------+-------++-------
Melee: Unarmed           |     3 |       |       |       ||     3
       Short sword       |    48 |    97 |    67 |       ||   212
       Mace              |       |       |    22 |    37 ||    59
Throw: Throwing net      |       |       |       |     3 ||     3
 Cast: Shock             |    46 |    45 |   148 |   112 ||   351
Evoke: Wand              |       |       |     3 |    16 ||    19
  Use: Potion            |     2 |     1 |     7 |     3 ||    13
       Scroll            |       |     4 |    13 |     2 ||    19
 Stab: Sleeping          |     4 |     3 |     1 |       ||     8
       Invisible         |     2 |       |       |       ||     2
  Eat: Chunk             |     2 |     4 |     9 |     3 ||    18
       Fruit             |       |       |     4 |       ||     4
       Royal jelly       |       |       |     1 |       ||     1
Armor: Robe              |    39 |    29 |    58 |    35 ||   161
       Skin              |       |       |       |    20 ||    20
Dodge: Dodged            |    84 |    67 |   105 |    77 ||   333
